 Dungeon Crawl Stone Soup version 0.19-a0-1224-g978f909 (webtiles) character file.

402 Jmtri7 the Insei (level 6, -6/38 HPs)
             Began as an Octopode Transmuter on Aug 24, 2016.
             Was a Follower of Makhleb.
             Mangled by Elysium's ghost (10 damage)
             ... on level 4 of the Dungeon.
             The game lasted 00:08:50 (2832 turns).

Jmtri7 the Insei (Octopode Transmuter)              Turns: 2832, Time: 00:08:51

Health: -6/38      AC:  5    Str:  9    XL:     6   Next: 85%
Magic:  8/9        EV: 13    Int: 16    God:    Makhleb [*.....]
Gold:   73         SH:  5    Dex: 14    Spells: 1 memorised, 8 levels left

rFire  . . .     SeeInvis .       - Unarmed
rCold  . . .     Gourm    .     n - +2 buckler
rNeg   . . .     Faith    +     (helmet restricted)
rPois  .         Spirit   .     i - amulet of faith
rElec  .         Dismiss  .     d - +4 ring of protection
rCorr  .         Reflect  .     (no ring)
MR     .....     Harm     .     (no ring)
Stlth  ++........               (no ring)
                                (no ring)
                                (no ring)
                                (no ring)
                                (no ring)

@: appendage
A: almost no armour, amphibious, 8 rings, constrict 8, tentacle spike 3,
camouflage 1, gelatinous body 1
a: End Transformation, Renounce Religion


You were on level 4 of the Dungeon.
You worshipped Makhleb.
Makhleb was aware of your devotion.
You were full.
One of your tentacles had a temporary spike.
You visited 1 branch of the dungeon, and saw 4 of its levels.

You collected 73 gold pieces.

Inventory:

Missiles
 a - 35 arrows
Armour
 n - a +2 buckler (worn)
Jewellery
 d - a +4 ring of protection (left tentacle)
 e - an uncursed ring of fire {unknown}
 i - an amulet of faith (around mantle)
 j - an uncursed amulet of the gourmand
Scrolls
 g - a scroll of remove curse
 l - 2 scrolls of amnesia {unknown}
 m - 2 scrolls of identify {unknown}
 q - a scroll of enchant armour {unknown}
 r - a scroll of teleportation {unknown}
Potions
 f - a potion of resistance
 k - a potion of haste {unknown}
 p - 3 potions of heal wounds {unknown}
Books
 b - a book of Changes

   Spells                             Type                      Level
   a - Beastly Appendage              Transmutation                1
   b - Sticks to Snakes               Transmutation                2
   c - Spider Form                    Transmutation/Poison         3
   d - Ice Form                       Ice/Transmutation            4
   e - Blade Hands                    Transmutation                5
Comestibles
 c - 7 bread rations
 h - 2 chunks of flesh
 o - 5 fruits


   Skills:
 - Level 1.0 Fighting
 - Level 2.0 Dodging
 + Level 7.5 Unarmed Combat
 - Level 2.0 Spellcasting
 - Level 2.0 Transmutations


You had 8 spell levels left.
You knew the following spells:

 Your Spells              Type           Power        Failure   Level  Hunger
a - Beastly Appendage     Tmut           #.....       17%         1    #......


Dungeon Overview and Level Annotations

Branches:
Dungeon (4/15)
 Temple: D:4-7

Altars:
Cheibriados
Elyvilon
Gozag
Makhleb

Annotations:
D:4 Elysium's ghost, amateur MiMo


Innate Abilities, Weirdness & Mutations

You cannot wear most types of armour.
You are amphibious.
You can wear up to eight rings at the same time.
You can use your tentacles to constrict eight enemies at once.
Your skin changes colour to match your surroundings (Stealth+).
Your rubbery body absorbs attacks. (AC +1, EV +1)
One of your tentacles bears a large vicious spike.


Message History

Elysium's ghost hits you.
You closely miss Elysium's ghost.
Your tentacle spike misses Elysium's ghost.
Elysium's ghost closely misses you.
You barely miss Elysium's ghost.
Your tentacle spike misses Elysium's ghost.
Elysium's ghost hits you!
* * * LOW HITPOINT WARNING * * *
You tentacle-slap Elysium's ghost.
Elysium's ghost is lightly damaged.
Elysium's ghost closely misses you.
You tentacle-slap Elysium's ghost.
Your tentacle spike misses Elysium's ghost.
Elysium's ghost is lightly damaged.
Elysium's ghost hits you!
* * * LOW HITPOINT WARNING * * *
You tentacle-slap Elysium's ghost but do no damage.
Elysium's ghost is lightly damaged.
Elysium's ghost hits you!
You die...

######### ........#
#######.# .# #.#
.######.# ........# #
.#......##########.#####
.#..............@W......
.#...........#####..<...
##......###.## .###.
##......# #.# #
........###.#
###......##.#
#....#.#.##.#
.....#.#.##..
##...#.#.######


You could see Elysium's ghost.

Vanquished Creatures
  A scorpion (D:4)
  An orc priest (D:3)
  A hound (D:3)
  An iguana (D:4)
  Natasha (twice) (D:4)
  A worker ant (D:4)
  5 gnolls
  5 adders
  An ooze (D:1)
  2 worms
  3 dart slugs
  3 giant geckos
  8 orcs
  A ball python (D:1)
  4 giant cockroaches
  7 goblins
  5 hobgoblins
  6 quokkas
  11 bats
  4 giant newts
  7 kobolds
  7 rats
  A plant (D:2)
87 creatures vanquished.

Vanquished Creatures (others)
  A plant (D:2)
1 creature vanquished.

Grand Total: 88 creatures vanquished

Notes
Turn   | Place    | Note
-------+----------+-------------------------------------------
     0 | D:1      | Jmtri7 the Octopode Transmuter began the quest for the Orb.
     0 | D:1      | Reached XP level 1. HP: 13/13 MP: 3/3
    54 | D:1      | Reached XP level 2. HP: 18/18 MP: 5/5
   316 | D:1      | Reached skill level 4 in Unarmed Combat
   368 | D:1      | Reached XP level 3. HP: 20/23 MP: 6/6
   728 | D:2      | Found an opulent altar of Gozag.
   736 | D:2      | Reached XP level 4. HP: 28/28 MP: 7/7
   975 | D:2      | Found a white marble altar of Elyvilon.
   975 | D:2      | Found a burning altar of Makhleb.
   987 | D:2      | Reached skill level 5 in Unarmed Combat
   994 | D:2      | Became a worshipper of Makhleb the Destroyer
  1531 | D:3      | Reached XP level 5. HP: 13/33 MP: 8/8
  1879 | D:3      | Reached skill level 6 in Unarmed Combat
  2038 | D:3      | Reached * piety under Makhleb
  2375 | D:3      | Found a burning altar of Makhleb.
  2452 | D:3      | Reached XP level 6. HP: 38/38 MP: 9/9
  2511 | D:4      | Noticed Natasha
  2526 | D:4      | Killed Natasha
  2526 | D:4      | Reached skill level 7 in Unarmed Combat
  2593 | D:4      | Noticed Natasha
  2599 | D:4      | Killed Natasha
  2749 | D:4      | Found a snail-covered altar of Cheibriados.
  2824 | D:4      | Noticed Elysium's ghost (amateur MiMo)
  2832 | D:4      | Mangled by Elysium's ghost

Vault maps used:
D:1:      dpeg_arrival_long_road
D:2:      wad_woods_stonehenge, grunt_temple_overflow_open
D:3:      first_bread, makhleb_heckhound_becter
D:4:      old_standard_altar, uniq_natasha, uniq_menkaure

Skill      XL: |  1  2  3  4  5  6 |
---------------+-------------------+-----
Unarmed Combat | 4 5 6 7 |  7.5
Fighting       | |  1.0
Dodging        | |  2.0
Spellcasting   | |  2.0
Transmutations | |  2.0

Action                   |  1- 3 |  4- 6 || total
-------------------------+-------+-------++-------
Melee: Unarmed           |    65 |   179 ||   244
       Constrict         |    15 |    35 ||    50
       Tentacles         |     8 |    28 ||    36
       Kick              |       |    13 ||    13
       Punch             |       |     7 ||     7
 Cast: Beastly Appendage |       |     5 ||     5
  Use: Scroll            |     1 |       ||     1
       Potion            |       |     3 ||     3
 Stab: Sleeping          |    12 |     5 ||    17
  Eat: Chunk             |     9 |     6 ||    15
Armor: Skin              |    13 |    28 ||    41
Dodge: Dodged            |    40 |    72 ||   112
Block: Buckler           |       |    17 ||    17
